 Dungeon Crawl Stone Soup version 0.21-a0-531-gacddea6 (webtiles) character file.

618 Firecrotchwizard the Charmwright (level 7, -1/56 HPs)
             Began as a Gnoll Skald on Dec 13, 2017.
             Succumbed to Duvessa's poison
             ... on level 4 of the Dungeon.
             The game lasted 00:10:23 (4259 turns).

Firecrotchwizard the Charmwright (Gnoll Skald)      Turns: 4259, Time: 00:10:23

Health: -1/56      AC:  8    Str: 14    XL:     7   Next: 45%
Magic:  4/15       EV: 12    Int: 17    God:
Gold:   200        SH:  0    Dex: 14    Spells: 8/17 levels left

rFire    . . .     SeeInvis .   a - +0 spear
rCold    . . .     Gourm    .   (no shield)
rNeg     . . .     Faith    .   h - +0 scale mail
rPois    .         Spirit   .   C - +0 helmet
rElec    .         Reflect  .   (no cloak)
rCorr    .         Harm     .   (no gloves)
MR       +....                  (no boots)
Stlth    +.........             (no amulet)
HPRegen  0.18/turn              g - ring of protection from magic {MR+, !d}
MPRegen  0.14/turn              (no ring)

@: lethally poisoned (-1 -> -47), shrouded, infused, very slightly contaminated
A: distributed training, fangs 1, strong nose
a: no special abilities


You were on level 4 of the Dungeon.
You were not hungry.

You visited 1 branch of the dungeon, and saw 4 of its levels.

You collected 200 gold pieces.

Inventory:

Hand Weapons
 a - a +0 spear (weapon)
 i - a +1 whip of venom
   (You took it off an orc on level 3 of the Dungeon)
 z - a +1 dagger of venom
   (You took it off an orc on level 3 of the Dungeon)
 G - a +2 dagger of venom
   (You took it off Dowan on level 4 of the Dungeon)
Missiles
 q - 15 poisoned needles
Armour
 b - a +0 leather armour
 h - a +0 scale mail (worn)
   (You found it on level 1 of the Dungeon)
 C - a +0 helmet (worn)
   (You found it on level 3 of the Dungeon)
Jewellery
 g - a ring of protection from magic (left hand) {MR+, !d}
   (You found it on level 1 of the Dungeon)
 A - an uncursed amulet of the gourmand {unknown}
   (You took it off a kobold on level 3 of the Dungeon)
Scrolls
 f - 7 scrolls of identify {unknown}
 j - 3 scrolls of remove curse {unknown}
 k - 3 scrolls of teleportation {unknown}
 n - a scroll of immolation {unknown}
 p - a scroll of magic mapping {unknown}
 v - a scroll of enchant weapon {unknown}
 w - a scroll of amnesia {unknown}
 x - a scroll of fear {unknown}
 y - a scroll of blinking {unknown}
 B - a scroll of random uselessness {unknown}
Potions
 e - a potion of might {unknown}
 l - a potion of magic {unknown}
 m - 3 potions of haste {unknown}
 o - 2 potions of curing {unknown}
 r - 2 potions of degeneration {unknown}
 s - a potion of heal wounds {unknown}
 t - 4 potions of brilliance {unknown}
 D - 2 potions of flight {unknown}
 E - a potion of invisibility {unknown}
Books
 c - a book of Battle
Comestibles
 d - 2 bread rations {@e1}
 u - 3 meat rations {@e2}


   Skills:
 + Level 5.2 Fighting
 + Level 2.4 Short Blades
 + Level 2.4 Long Blades
 + Level 2.4 Axes
 + Level 2.4 Maces & Flails
 + Level 5.2 Polearms
 + Level 2.4 Staves
 + Level 2.4 Slings
 + Level 2.4 Bows
 + Level 2.4 Crossbows
 + Level 2.4 Throwing
 + Level 3.6 Armour
 + Level 5.2 Dodging
 + Level 2.4 Stealth
 + Level 2.4 Shields
 + Level 2.4 Unarmed Combat
 + Level 5.6 Spellcasting
 + Level 2.0 Conjurations
 + Level 2.0 Hexes
 + Level 5.8 Charms
 + Level 2.0 Summonings
 + Level 2.0 Necromancy
 + Level 2.0 Translocations
 + Level 2.0 Transmutations
 + Level 2.0 Fire Magic
 + Level 2.0 Ice Magic
 + Level 2.0 Air Magic
 + Level 2.0 Earth Magic
 + Level 2.0 Poison Magic
 + Level 2.7 Invocations
 + Level 2.4 Evocations


You had 8 spell levels left.
You knew the following spells:

 Your Spells              Type           Power        Failure   Level  Hunger
a - Infusion              Chrm           ###.         4%          1    None
r - Regeneration          Chrm/Necr      ###.......   32%         3    ##.....
s - Shroud of Golubria    Chrm/Tloc      ###.......   16%         2    #......
z - Spectral Weapon       Hex/Chrm       ###.....     32%         3    ##.....


Dungeon Overview and Level Annotations

Branches:
Dungeon (4/15)
 Temple: D:4-7

Altars:
Elyvilon
Nemelex Xobeh

Annotations:
D:4 Duvessa


Innate Abilities, Weirdness & Mutations

Your experience applies equally to all skills.
You have very sharp teeth.
Your uncanny sense of smell can sniff out nearby items.


Message History

There is a shaft here.
Duvessa shouts!
Duvessa goes berserk!
Duvessa is too close now for your liking.
Space distorts slightly along a thin shroud covering your body.
You now have 13/15 mp.
You begin infusing your attacks with magical energy.
You now have 12/15 mp.
You hit Duvessa but do no damage.
Your shroud bends Duvessa's attack away.
Duvessa hits you but does no damage.
Here: Duvessa, wielding a short sword of venom and wearing a ring mail (berserk, fast, unusually strong)
The floor.
Unknown command.
You barely miss Duvessa.
Your shroud bends Duvessa's attack away.
You hit Duvessa.
Your shroud bends Duvessa's attack away.
You hit Duvessa. You bite Duvessa, but do no damage.
Your shroud bends Duvessa's attack away.
All of the chunks of flesh in your inventory have rotted away.
You now have 11/15 mp.
You hit Duvessa. You bite Duvessa, but do no damage.
Your shroud bends Duvessa's attack away.
Duvessa misses you.
You now have 10/15 mp.
You hit Duvessa but do no damage. Duvessa completely misses you.
You hit Duvessa.
Duvessa hits you with a short sword of venom.
Your shroud falls apart!
You take 4 damage, and have 52/56 hp.
You hit Duvessa.
Duvessa hits you with a short sword of venom.
You are poisoned.
Duvessa hits you but does no damage.
You are more poisoned.
You take 2 damage, and have 50/56 hp.
You now have 10/15 mp.
You hit Duvessa but do no damage.
You feel sick. Duvessa closely misses you.
You take 1 damage, and have 49/56 hp.
You hit Duvessa but do no damage.
You feel sick. Duvessa completely misses you.
You take 1 damage, and have 48/56 hp.
You hit Duvessa.
You feel sick.
Duvessa hits you with a short sword of venom!
You are more poisoned.
You take 13 damage, and have 35/56 hp.
MASSIVE DAMAGE!!
You now have 9/15 mp.
You hit Duvessa but do no damage.
You feel sick. Duvessa closely misses you.
You take 1 damage, and have 34/56 hp.
You hit Duvessa but do no damage. Your bite misses Duvessa.
You feel sick. Duvessa barely misses you. Duvessa hits you but does no damage.
You are more poisoned.
You take 1 damage, and have 33/56 hp.
You barely miss Duvessa.
You feel sick. Duvessa hits you but does no damage.
You are lethally poisoned!
You take 2 damage, and have 31/56 hp.
You hit Duvessa!
You feel sick. Duvessa hits you but does no damage.
You are more poisoned.
You take 1 damage, and have 30/56 hp.
You hit Duvessa.
Your magical infusion is running out.
You feel very sick. Duvessa misses you.
Duvessa hits you with a short sword of venom.
You take 9 damage, and have 21/56 hp.
You now have 8/15 mp.
Unknown command.
You miscast Shroud of Golubria.
You are very lightly contaminated with residual magic.
Your skin tingles.
You feel very sick. Duvessa hits you but does no damage.
You take 3 damage, and have 18/56 hp.
You now have 6/15 mp.
Space distorts slightly along a thin shroud covering your body.
* * * LOW HITPOINT WARNING * * *
You feel sick.
Duvessa hits you with a short sword of venom.
* * * LOW HITPOINT WARNING * * *
You are more poisoned.
Duvessa barely misses you.
You take 5 damage, and have 13/56 hp.
You now have 4/15 mp.
You extend your infusion's duration.
* * * LOW HITPOINT WARNING * * *
You feel very sick.
Your shroud bends Duvessa's attack away!
You take 4 damage, and have 9/56 hp.
You now have 3/15 mp.
You barely miss Duvessa.
* * * LOW HITPOINT WARNING * * *
You feel sick.
Your shroud bends Duvessa's attack away.
You take 2 damage, and have 7/56 hp.
You hit Duvessa but do no damage.
* * * LOW HITPOINT WARNING * * *
You feel very sick.
Duvessa hits you with a short sword of venom.
* * * LOW HITPOINT WARNING * * *
You are more poisoned.
Duvessa closely misses you.
You take 5 damage, and have 2/56 hp.
You closely miss Duvessa.
You die...

#.# ..# ∆ .... ..#
#..# #.# #..# #.#
##..# #.# #...#
#.#
######...###.#####
#.e...............
#@####...##.######
#.# #...##.......
#############.#
##......######
#...........#.#
#.....#.#
#.#########.#.#
#..#..#.# #.#
#.#.# #.....#.#
#.#
#.#.###...#.#.# ##
#.#
#.#...........# #.
#.#
#.#####.....####
#.


You could see Duvessa (berserk).

Vanquished Creatures
  A phantom (D:4)
  The ghost of blurbie the Pure, an amateur DsAK of Lugonu (D:4)
  Dowan (D:4)
  The ghost of slep the Chopper, a weakling DsGl (D:3)
  2 hounds (D:4)
  2 orc priests (D:4)
  Natasha (twice) (D:4)
  An orc wizard (D:3)
  A worker ant (D:3)
  4 adders
  5 oozes
  An adder skeleton (D:4)
  2 worms (D:2)
  A leopard gecko (D:3)
  8 orcs
  13 bats
  5 giant cockroaches
  6 goblins
  7 hobgoblins
  3 jackals (D:2)
  2 quokkas
  3 frilled lizards
  9 kobolds
  4 rats
85 creatures vanquished.

Notes
Turn   | Place    | Note
-------+----------+-------------------------------------------
     0 | D:1      | Firecrotchwizard the Gnoll Skald began the quest for the Orb.
     0 | D:1      | Reached XP level 1. HP: 20/20 MP: 6/6
   163 | D:1      | Reached XP level 2. HP: 26/26 MP: 3/7
   203 | D:1      | Learned a level 2 spell: Shroud of Golubria
   428 | D:1      | Reached XP level 3. HP: 30/31 MP: 9/9
   486 | D:1      | Reached skill level 5 in Spellcasting
   538 | D:1      | Learned a level 3 spell: Spectral Weapon
   542 | D:1      | Learned a level 3 spell: Regeneration
   652 | D:2      | Reached skill level 1 in Invocations
   831 | D:2      | Reached skill level 1 in Short Blades
   831 | D:2      | Reached skill level 1 in Long Blades
   831 | D:2      | Reached skill level 1 in Axes
   831 | D:2      | Reached skill level 1 in Maces & Flails
   831 | D:2      | Reached skill level 1 in Staves
   831 | D:2      | Reached skill level 1 in Slings
   831 | D:2      | Reached skill level 1 in Bows
   831 | D:2      | Reached skill level 1 in Crossbows
   831 | D:2      | Reached skill level 1 in Throwing
   831 | D:2      | Reached skill level 1 in Stealth
   831 | D:2      | Reached skill level 1 in Shields
   831 | D:2      | Reached skill level 1 in Unarmed Combat
   831 | D:2      | Reached skill level 1 in Evocations
   865 | D:2      | Found a sparkling altar of Nemelex Xobeh.
   963 | D:2      | Reached XP level 4. HP: 37/38 MP: 11/11
  1609 | D:3      | Noticed slep's ghost (weakling DsGl)
  1652 | D:3      | HP: 3/38 [slep's ghost (12)]
  1653 | D:3      | Killed slep's ghost
  1653 | D:3      | Reached skill level 1 in Conjurations
  1653 | D:3      | Reached skill level 1 in Hexes
  1653 | D:3      | Reached skill level 1 in Summonings
  1653 | D:3      | Reached skill level 1 in Necromancy
  1653 | D:3      | Reached skill level 1 in Translocations
  1653 | D:3      | Reached skill level 1 in Transmutations
  1653 | D:3      | Reached skill level 1 in Fire Magic
  1653 | D:3      | Reached skill level 1 in Ice Magic
  1653 | D:3      | Reached skill level 1 in Air Magic
  1653 | D:3      | Reached skill level 1 in Earth Magic
  1653 | D:3      | Reached skill level 1 in Poison Magic
  1653 | D:3      | Reached XP level 5. HP: 4/43 MP: 2/12
  1975 | D:3      | Found a white marble altar of Elyvilon.
  2336 | D:3      | Reached skill level 3 in Armour
  2351 | D:3      | HP: 10/43 [poisoned by a worker ant]
  2357 | D:3      | HP: 8/43 [poisoned by a worker ant]
  2365 | D:3      | HP: 7/43 [poisoned by a worker ant]
  2373 | D:3      | HP: 7/43 [poisoned by a worker ant]
  2993 | D:4      | Noticed a phantom
  3016 | D:4      | Killed a phantom
  3016 | D:4      | Reached skill level 2 in Invocations
  3016 | D:4      | Reached XP level 6. HP: 39/50 MP: 5/14
  3084 | D:4      | Reached skill level 5 in Fighting
  3084 | D:4      | Reached skill level 5 in Polearms
  3084 | D:4      | Reached skill level 5 in Dodging
  3124 | D:4      | Reached skill level 2 in Short Blades
  3124 | D:4      | Reached skill level 2 in Long Blades
  3124 | D:4      | Reached skill level 2 in Axes
  3124 | D:4      | Reached skill level 2 in Maces & Flails
  3124 | D:4      | Reached skill level 2 in Staves
  3124 | D:4      | Reached skill level 2 in Slings
  3124 | D:4      | Reached skill level 2 in Bows
  3124 | D:4      | Reached skill level 2 in Crossbows
  3124 | D:4      | Reached skill level 2 in Throwing
  3124 | D:4      | Reached skill level 2 in Stealth
  3124 | D:4      | Reached skill level 2 in Shields
  3124 | D:4      | Reached skill level 2 in Unarmed Combat
  3124 | D:4      | Reached skill level 2 in Evocations
  3212 | D:4      | Noticed Natasha
  3232 | D:4      | Killed Natasha
  3259 | D:4      | Noticed Natasha
  3270 | D:4      | Killed Natasha
  3335 | D:4      | Noticed blurbie's ghost (amateur DsAK)
  3365 | D:4      | Killed blurbie's ghost
  3365 | D:4      | Reached XP level 7. HP: 18/56 MP: 6/15
  3612 | D:4      | Noticed Duvessa
  3612 | D:4      | Noticed Dowan
  3832 | D:4      | Killed Dowan
  4016 | D:4      | Reached skill level 2 in Conjurations
  4016 | D:4      | Reached skill level 2 in Hexes
  4016 | D:4      | Reached skill level 2 in Summonings
  4016 | D:4      | Reached skill level 2 in Necromancy
  4016 | D:4      | Reached skill level 2 in Translocations
  4016 | D:4      | Reached skill level 2 in Transmutations
  4016 | D:4      | Reached skill level 2 in Fire Magic
  4016 | D:4      | Reached skill level 2 in Ice Magic
  4016 | D:4      | Reached skill level 2 in Air Magic
  4016 | D:4      | Reached skill level 2 in Earth Magic
  4016 | D:4      | Reached skill level 2 in Poison Magic
  4255 | D:4      | HP: 13/56 [Duvessa/short sword of venom (3)]
  4258 | D:4      | HP: 5/56 [poisoned by Duvessa]
  4258 | D:4      | HP: 2/56 [Duvessa/short sword of venom (3)]
  4259 | D:4      | Succumbed to Duvessa's poison

Vault maps used:
D:1:      saegor_arrival_simple_d, minmay_heptomino_d4
D:2:      nemelex_altar_shiori, serial_curves, eino_curves_01, eino_curves_01,
          eino_curves_03, minmay_cut_off
D:3:      elyvilon_altar_5
D:4:      uniq_natasha, uniq_blork_the_orc, uniq_duvessa

Skill      XL: |  1  2  3  4  5  6  7 |
---------------+----------------------+-----
Spellcasting   | 5 |  5.6
Invocations    | 1 2 |  2.7
Short Blades   | 1 2 |  2.4
Long Blades    | 1 2 |  2.4
Axes           | 1 2 |  2.4
Maces & Flails | 1 2 |  2.4
Staves         | 1 2 |  2.4
Slings         | 1 2 |  2.4
Bows           | 1 2 |  2.4
Crossbows      | 1 2 |  2.4
Throwing       | 1 2 |  2.4
Stealth        | 1 2 |  2.4
Shields        | 1 2 |  2.4
Unarmed Combat | 1 2 |  2.4
Evocations     | 1 2 |  2.4
Conjurations   | 1 2 |  2.0
Hexes          | 1 2 |  2.0
Summonings     | 1 2 |  2.0
Necromancy     | 1 2 |  2.0
Translocations | 1 2 |  2.0
Transmutations | 1 2 |  2.0
Fire Magic     | 1 2 |  2.0
Ice Magic      | 1 2 |  2.0
Air Magic      | 1 2 |  2.0
Earth Magic    | 1 2 |  2.0
Poison Magic   | 1 2 |  2.0
Armour         | 3 |  3.6
Fighting       | 5 |  5.2
Polearms       | 5 |  5.2
Dodging        | 5 |  5.2
Charms         | |  5.8

Action                   |  1- 3 |  4- 6 |  7- 9 || total
-------------------------+-------+-------+-------++-------
Melee: Spear             |   135 |   249 |    73 ||   457
       Bite              |     9 |    31 |     5 ||    45
       Punch             |       |       |     2 ||     2
 Cast: Infusion          |     3 |     9 |     4 ||    16
       Shroud of Golubri |       |     3 |     5 ||     8
       Spectral Weapon   |       |     1 |       ||     1
  Eat: Chunk             |       |     8 |     3 ||    11
Armor: Scale mail        |    25 |    70 |    21 ||   116
Dodge: Dodged            |    62 |    72 |    30 ||   164

Table legend:
 A = Spawn XP
 B = Non-spawn XP
 C = Spawn XP percentage of total XP
 D = Spawn monster count
 E = Non-spawn monster count
 F = Spawn count percentage of total count
 G = Total turns spent on level
                    A         B        C        D         E        F      G
               +---------+---------+-------+---------+---------+-------+---------
         Total |       0 |     883 |   0.0 |       0 |      85 |   0.0 |  4259
               +---------+---------+-------+---------+---------+-------+---------
           D:1 |       0 |      41 |   0.0 |       0 |      19 |   0.0 |   569
           D:2 |       0 |      53 |   0.0 |       0 |      23 |   0.0 |  1167
           D:3 |       0 |     187 |   0.0 |       0 |      26 |   0.0 |  1456
           D:4 |       0 |     602 |   0.0 |       0 |      17 |   0.0 |  1067
               +---------+---------+-------+---------+---------+-------+---------

Vault maps used:
D:1:      saegor_arrival_simple_d, minmay_heptomino_d4
D:2:      nemelex_altar_shiori, serial_curves, eino_curves_01, eino_curves_01,
          eino_curves_03, minmay_cut_off
D:3:      elyvilon_altar_5
D:4:      uniq_natasha, uniq_blork_the_orc, uniq_duvessa

Table legend:
 A = Turns spent in this place as a percentage of turns spent in the entire game.
 B = Non-inter-level travel turns spent in this place as a percentage of non-inter-level travel turns spent in the entire game.
 C = Inter-level travel turns spent in this place as a percentage of turns spent in this place.
 D = Turns resting spent in this place as a percentage of non-inter-level travel turns spent in this place.
 E = Turns spent auto-exploring this place as a percentage of non-inter-level travel turns spent in this place.
 F = Non-inter-level travel turns spent in this place divided by the number of levels of this place that you've seen.
                   A       B       C       D       E      F
               +-------+-------+-------+-------+-------+----------------------
         Total | 100.0 | 100.0 |   2.0 |  39.4 |  38.6 | 1043.8
       Dungeon | 100.0 | 100.0 |   2.0 |  39.4 |  38.6 | 1043.8
               +-------+-------+-------+-------+-------+----------------------

Table legend:
 A = Kills in this place as a percentage of kills in entire the game.
 B = Kills by you in this place as a percentage of kills by you in the entire game.
 C = Kills by friends in this place as a percentage of kills by friends in the entire game.
 D = Other kills in this place as a percentage of other kills in the entire game.
 E = Experience gained in this place as a percentage of experience gained in the entire game.
 F = Experience gained in this place divided by the number of levels of this place that you have seen.
                   A       B       C       D       E      F
               +-------+-------+-------+-------+-------+----------------------
         Total | 100.0 | 100.0 |   N/A |   N/A | 100.0 | 220.8
       Dungeon | 100.0 | 100.0 |   N/A |   N/A | 100.0 | 220.8
               +-------+-------+-------+-------+-------+----------------------
